 Dungeon Crawl Stone Soup version 0.30-a0-760-g5a9884bb7c (webtiles) character file.

Game seed: 11874072669526200430

1175 Mickster the Cutter (level 8, -3/61 HPs)
             Began as a Vampire Fighter on Feb 10, 2023.
             Slain by Prince Ribbit (11 damage)
             ... on level 7 of the Dungeon.
             The game lasted 00:54:25 (3609 turns).

Mickster the Cutter (Vampire Fighter)               Turns: 3609, Time: 00:54:26

Health: -3/61      AC: 18    Str: 17    XL:     8   Next: 18%
Magic:  8/8        EV: 13    Int: 12    God:
Gold:   125        SH:  9    Dex: 14    Spells: 7/7 levels left

rFire   . . .      SeeInvis +    n - +2 dagger (flame)
rCold   . . .      Faith    .    c - +0 buckler
rNeg    . . .      Spirit   .    o - +5 chain mail "Nejaodu" {rElec Int+2}
rPois   .          Reflect  .    (no helmet)
rElec   +          Harm     .    k - +2 cloak
rCorr   .          Rampage  .    v - +0 pair of gloves
Will    .....                    (no boots) Stlth
                                 (no amulet)
HPRegen 0.50/turn                u - +5 ring of evasion
MPRegen 0.11/turn                (no ring)

@: mesmerised, healing quickly
A: alive, fangs 3, see invisible, vampiric 2, large bone plates 1
a: Exsanguinate


You were on level 7 of the Dungeon.
You visited 1 branch of the dungeon, and saw 7 of its levels.

You collected 222 gold pieces.
You spent 97 gold pieces at shops.

Inventory:

Hand Weapons
 a - a +0 rapier
 d - a +0 war axe
 i - a +0 whip
 n - a +2 dagger of flaming (weapon)
Missiles
 b - 4 atropa-tipped darts (quivered)
 e - 19 stones
 q - 6 boomerangs
Armour
 c - a +0 buckler (worn)
 k - a +2 cloak (worn)
 l - a +4 chain mail
 o - the +5 chain mail "Nejaodu" (worn) {rElec Int+2}
   (You found it on level 3 of the Dungeon)

   Int:       It affects your intelligence (+2).
   rElec:     It insulates you from electricity.
 v - a +0 pair of gloves (worn)
Magical Staves
 h - a staff of death
 r - a staff of cold
Jewellery
 u - a +5 ring of evasion (left hand)
Wands
 p - a wand of quicksilver (8)
 t - a wand of flame (2)
Scrolls
 g - 7 scrolls of identify
 j - a scroll of poison
 m - 4 scrolls of teleportation
Potions
 f - a potion of mutation
 s - a potion of magic


   Skills:
 * Level 4.4 Fighting
 * Level 5.5 Short Blades
 - Level 1.3 Axes
 + Level 0.8 Throwing
 + Level 4.3 Armour
 * Level 3.7 Dodging
 + Level 0.6 Stealth
 + Level 4.8 Shields


You had 7 spell levels left.
You didn't know any spells.
Your spell library contained the following spells:

 Spells                   Type           Power      Damage    Failure   Level
 Beastly Appendage        Tmut           0%         N/A       99%         1
 Magic Dart               Conj           0%         1d3       99%         1
 Slow                     Hex            0%         N/A       99%         1
 Searing Ray              Conj           0%         2d4       100%        2
 Sublimation of Blood     Necr           0%         N/A       100%        2
 Wereblood                Tmut           0%         N/A       100%        2
 Confusing Touch          Hex            0%         N/A       100%        3
 Spider Form              Tmut/Pois      0%         N/A       100%        3
 Vampiric Draining        Necr           0%         2d6       100%        3
 Fulminant Prism          Conj/Hex       0%         3d5       100%        4
 Petrify                  Tmut/Erth      0%         N/A       100%        4
 Irradiate                Conj/Tmut      0%         3d11      100%        5


Dungeon Overview and Level Annotations

Branches:
Dungeon (7/15)             Temple (0/1) D:4

Altars:
Gozag
Ru
Wu Jian

Shops:
D:3 *

Annotations:
D:7 Maggie, Prince Ribbit


Innate Abilities, Weirdness & Mutations

Your natural rate of healing is accelerated.
You have razor-sharp teeth.
You have supernaturally acute eyesight. (SInv)
You are afflicted with vampirism and can become a bat while bloodless.
You are partially covered in large bone plates. (SH +4)


Message History

Prince Ribbit blinks!
You hit the scorpion but do no damage. You bite the scorpion.
The scorpion is almost dead.
You feel sick. You block Maggie's attack. Prince Ribbit misses you.
You block the scorpion's attack.
You hit the scorpion. You burn the scorpion.
You kill the scorpion!
Maggie barely misses you.
Prince Ribbit hits you but does no damage.
You hit the orc but do no damage. You bite the orc, but do no damage.
You feel sick.
Prince Ribbit hits you but does no damage.
You block the orc's attack. You block Maggie's attack.
You hit the orc but do no damage.
You feel sick.
Prince Ribbit lets out a mournful croak.
You block Prince Ribbit's attack.
You hit the orc. You burn the orc.
The orc is heavily wounded.
You feel sick.
You are no longer poisoned.
You block Maggie's attack. You block the orc's attack.
Prince Ribbit blinks!
You barely miss the orc.
The orc is heavily wounded.
You block the orc's attack.
Maggie gestures wildly while chanting.
Maggie draws you further into her thrall.
You hit the orc but do no damage. You bite the orc.
You kill the orc!
The orc hits you with a +0 mace.
* * * LOW HITPOINT WARNING * * *
Maggie hits you with a +0 broad axe!
* * * LOW HITPOINT WARNING * * *
Prince Ribbit croaks regally.
Prince Ribbit closely misses you. The orc misses you.
Maggie closely misses you.
Items here: ) [ ††.
The air fills with toxic fumes!
As you read the scroll of poison, it crumbles to dust.
Prince Ribbit misses you. Prince Ribbit hits you!
You die...

# #. #.#.##
#.#.##§#§§#
.....§§§§#
#...§§§§#
!.####§§§§###
......§§§§§§#
.#####§§§§#.#
###F§§§#.#
#§@§§§§#.#
#@o§####)#
#§§§# #.#
########.#
#......<#
#.......#
........#
........#
.......##


You could see Maggie (mesmerising), Prince Ribbit and an orc.

Vanquished Creatures
  A water moccasin (D:5)
  An ice beast (D:6)
  A centaur (D:6)
  An ogre (D:6)
  4 scorpions
  A howler monkey (D:6)
  A jelly (D:5)
  5 hounds
  A gnoll bouda (D:5)
  3 iguanas
  2 orc wizards (D:3)
  9 adders
  7 gnolls
  An ufetubus (D:5)
  3 dart slugs
  7 orcs
  3 ball pythons
  4 endoplasms
  2 giant cockroaches
  A goblin (D:2)
  4 hobgoblins
  3 quokkas
  3 bats
  5 frilled lizards
  2 kobolds (D:1)
  8 rats
  A butterfly (D:5)
84 creatures vanquished.

Notes
Turn   | Place    | Note
-------+----------+-------------------------------------------
     0 | D:1      | Mickster the Vampire Fighter began the quest for the Orb.
     0 | D:1      | Reached XP level 1. HP: 17/17 MP: 1/1
   145 | D:1      | Gained mutation: You are partially covered in large bone
                  | plates. (SH +4) [potion of mutation]
   320 | D:1      | Reached XP level 2. HP: 23/23 MP: 2/2
   823 | D:2      | Gained mutation: You are afflicted with vampirism and can
                  | become a bat while bloodless. [Vampire growth]
   823 | D:2      | Reached XP level 3. HP: 17/29 MP: 3/3
  1037 | D:2      | Reached skill level 3 in Short Blades
  1229 | D:3      | Reached XP level 4. HP: 33/35 MP: 4/4
  1240 | D:3      | Reached skill level 1 in Dodging
  1295 | D:3      | Found an opulent altar of Gozag.
  1369 | D:3      | Identified the +5 chain mail "Nejaodu" {rElec Int+2}
  1659 | D:3      | Found Paufyxap's General Store.
  1680 | D:3      | Bought a scroll of enchant armour for 97 gold pieces
  1744 | D:4      | Reached XP level 5. HP: 41/41 MP: 5/5
  1784 | D:4      | Reached skill level 1 in Axes
  1975 | D:4      | Found a sacrificial altar of Ru.
  2050 | D:4      | Upgraded the game from 0.30-a0-757-ga6a79fd877 to
                  | 0.30-a0-760-g5a9884bb7c
  2109 | D:4      | Found a staircase to the Ecumenical Temple.
  2376 | D:5      | Entered Level 5 of the Dungeon
  2376 | D:5      | Noticed a water moccasin
  2395 | D:5      | Killed a water moccasin
  2396 | D:5      | Reached XP level 6. HP: 35/48 MP: 6/6
  2405 | D:5      | Reached skill level 4 in Short Blades
  2540 | D:5      | Reached XP level 7. HP: 51/53 MP: 7/7
  3198 | D:6      | Reached skill level 5 in Short Blades
  3300 | D:6      | Reached XP level 8. HP: 27/61 MP: 8/8
  3469 | D:6      | Found an ornate altar of the Wu Jian Council.
  3573 | D:7      | Noticed Prince Ribbit
  3579 | D:7      | Noticed Maggie
  3609 | D:7      | Slain by Prince Ribbit

Illustrated notes

Levels and vault maps discovered:
D:1:      saegor_arrival_simple_d, layout_basic, nicolae_kite_square_tiling_tiny
D:2:      layout_basic, serial_bayou_pond_d, minmay_pentomino_w4
D:3:      layout_loops_ring, nicolae_gozag_seed_capital, serial_shops, shop
D:4:      layout_basic, tso_altar, general_overflow_altar,
          minmay_temple_entry_wispy, uniq_blork_the_orc
D:5:      layout_rooms, nicolae_elyvilon_peaceful_grove
D:6:      layout_layer_cave, mainiacjoe_overflow_alcove_1
D:7:      layout_basic, lemuel_coloured_pillars_altar, uniq_maggie,
          uniq_prince_ribbit1

Skill      XL: |  1  2  3  4  5  6  7 |
---------------+----------------------+-----
Fighting       | 3 4 |  4.4
Shields        | 3 4 |  4.8
Short Blades   | 3 4 5 |  5.5
Armour         | 3 4 |  4.3
Dodging        | 1 2 3 |  3.7
Axes           | 1 |  1.3
Throwing       | |  0.8
Stealth        | |  0.6

Action                     |  1- 3 |  4- 6 |  7- 9 || total
---------------------------+-------+-------+-------++-------
  Melee: Rapier            |   115 |    11 |       ||   126
         Bite              |     9 |    18 |    27 ||    54
         Dagger            |       |    98 |   207 ||   305
         War axe           |       |    49 |       ||    49
  Throw: Dart              |       |     9 |     9 ||    18
    Use: Scroll            |     5 |     4 |     5 ||    14
         Potion            |     3 |     6 |     1 ||    10
 Armour: Scale mail        |    25 |       |       ||    25
         Chain mail        |    18 |    94 |    79 ||   191
  Dodge: Dodged            |    37 |    37 |    73 ||   147
  Block: Buckler           |    51 |    75 |    90 ||   216

Table legend: (Time is in decaauts)
 A = Elapsed time spent in this place.
 B = Non-inter-level travel time spent in this place.
 C = Inter-level travel time spent in this place.
 D = Time resting spent in this place.
 E = Time spent auto-exploring this place.
 F = Levels seen in this place.
 G = Mean time per level.
                   A        B        C        D        E       F      G
               +--------+--------+--------+--------+--------+-----+--------+
         Total |   3599 |   3504 |     95 |    653 |      0 |   7 |  514.1 |
       Dungeon |   3599 |   3504 |     95 |    653 |      0 |   7 |  514.1 |
               +--------+--------+--------+--------+--------+-----+--------+

Top non-repeatable levels by time:
     D:2: 726 daAuts
     D:5: 691 daAuts
     D:4: 680 daAuts
     D:3: 513 daAuts
     D:1: 488 daAuts
     D:6: 448 daAuts
     D:7: 51 daAuts
